Map: Triton LE

Players

Trap - Winner!

  • Race: Protoss Protoss
  • Spawn Location: 5:00

Lambo

  • Race: Zerg Zerg
  • Spawn Location: 11:00

Event: IEM Katowice 2020

VOD

Have the link to the VOD?

Description

Time

  • Played on: Feb. 25, 2020, 11:03 a.m.
  • Length: 11:23

All games in this series

Show
View Real Time Build Order
Export as new Build Order

Trap Protoss - Winner!

Build Orders: 1 Gate Expand, Archon Immortal, Archon Drop, Dark Templar Rush 

Get SALT Encoding   

  12  0:00  Probe  
  13  0:12  Probe  
  14  0:17  Pylon  
  14  0:24  Probe  
  15  0:32  Assimilator  
  15  0:36  Probe (Chrono Boost)  
  16  0:44  Gateway  
  16  0:48  Probe (Chrono Boost)  
  17  0:53  Probe (Chrono Boost)  
  18  1:03  Probe  
  19  1:15  Probe  
  20  1:23  Nexus  
  20  1:32  Cybernetics Core  
  20  1:34  Probe  
  21  1:40  Assimilator  
  21  1:47  Probe  
  22  1:50  Pylon  
  22  1:59  Probe  
  23  2:06  Adept (Chrono Boost)  
  23  2:08  Warp Gate  
  23  2:11  Probe  
  26  2:17  Twilight Council  
  26  2:23  Probe  
  29  2:36  Robotics Facility  
  28  2:37  Probe (Chrono Boost)  
  28  2:42  Probe (Chrono Boost)  
  29  2:46  Probe (Chrono Boost)  
  29  2:50  Probe (Chrono Boost)  
  33  2:51  Probe (Chrono Boost)  
  32  2:58  Dark Shrine  
  32  3:02  Probe  
  32  3:03  Probe  
  34  3:07  Gateway  
  34  3:13  Gateway  
  34  3:15  Probe  
  34  3:17  Probe  
  36  3:25  Warp Prism (Chrono Boost)  
  36  3:30  Probe (Chrono Boost)  
  36  3:32  Probe (Chrono Boost)  
  40  3:36  Pylon  
  40  3:44  Probe (Chrono Boost)  
  40  3:48  Probe (Chrono Boost)  
  42  3:50  Assimilator  
  42  3:52  Probe (Chrono Boost)  
  42  3:53  Assimilator  
  42  3:55  Probe (Chrono Boost)  
  44  3:58  Probe, Pylon  
  45  4:06  Probe  
  46  4:12  Probe  
  46  4:15  Pylon  
  47  4:18  Probe  
  47  4:19  Dark Templar x2  
  47  4:20  Dark Templar  
  54  4:25  Pylon  
  54  4:26  Observer  
  54  4:27  Probe  
  54  4:30  Probe  
  57  4:42  Nexus  
  57  4:49  Probe x2  
  59  4:54  Dark Templar  
  59  4:56  Shield Battery  
  59  4:57  Sentry x2  
  65  5:02  Immortal  
  65  5:05  Probe x2  
  71  5:10  Pylon  
  71  5:17  Probe x2, Blink (Chrono Boost)  
  73  5:21  Pylon  
  73  5:29  Probe x2 (Chrono Boost)  
  75  5:38  Probe x2 (Chrono Boost), Immortal, Dark Templar  
  75  5:39  Archon  
  75  5:41  Sentry, Zealot  
  83  5:44  Probe  
  83  5:45  Archon  
  83  5:46  Probe  
  89  5:54  Gateway  
  89  5:59  Gateway  
  89  6:04  Gateway  
  89  6:07  Gateway  
  89  6:11  Probe x3  
  89  6:15  Immortal  
  92  6:23  Pylon  
  92  6:25  Pylon  
  96  6:26  Forge  
  96  6:28  Sentry  
  96  6:30  Probe x3  
  101  6:33  Stalker  
  101  6:36  Dark Templar  
  105  6:42  Archon  
  105  6:46  Pylon  
  105  6:48  Pylon  
  105  6:49  Assimilator x2  
  105  7:00  Protoss Ground Weapons Level 1 (Chrono Boost)  
  105  7:02  Stalker x4  
  105  7:03  Stalker x2  
  117  7:09  Pylon  
  117  7:10  Stalker  
  117  7:12  Pylon  
  117  7:13  Photon Cannon  
  119  7:16  Photon Cannon  
  119  7:20  Probe x3  
  122  7:28  Stalker x3  
  128  7:31  Sentry  
  130  7:39  Stalker x3  
  136  7:45  Pylon  
  136  7:46  Pylon  
  136  7:50  Observer  
  136  7:51  Stalker x3  
  138  7:56  Photon Cannon  
  140  8:01  Probe x3  
  143  8:09  Robotics Facility  
  143  8:10  Robotics Bay  
  143  8:12  Charge  
  143  8:18  Photon Cannon  
  143  8:20  Shield Battery  
  143  8:21  Shield Battery  
  143  8:23  Immortal (Chrono Boost)  
  143  8:26  Pylon  
  147  8:29  Pylon  
  147  8:44  Gateway  
  147  8:45  Gateway  
  147  8:52  Protoss Ground Weapons Level 2 (Chrono Boost)  
  147  8:55  Stalker x2  
  151  8:56  Colossus (Chrono Boost)  
  151  8:57  Colossus (Chrono Boost)  
  151  9:02  Extended Thermal Lance  
  161  9:18  Dark Templar x2  
  164  9:29  Zealot x4  
  164  9:30  Zealot  
  142  9:49  Stalker  
  142  9:50  Stalker x5  
  142  9:51  Colossus (Chrono Boost), Disruptor (Chrono Boost)  
  136  10:06  Zealot x3  
  142  10:07  Shield Battery  
  142  10:11  Shield Battery  
  142  10:13  Dark Templar  
  144  10:17  Disruptor (Chrono Boost)  
  147  10:32  Sentry x2, Nexus, Zealot x2  
  147  10:33  Zealot x2  
  147  10:34  Disruptor (Chrono Boost)  
  159  10:43  Disruptor (Chrono Boost)  
  162  10:54  Nexus  
  160  11:08  Zealot x3  
  160  11:09  Dark Templar  
  156  11:13  Zealot x5  
Show
View Real Time Build Order
Export as new Build Order

Lambo Zerg 

Build Orders: Hatch First, Muta Ling Bane 

Get SALT Encoding   

  12  0:00  Drone  
  13  0:13  Overlord  
  13  0:18  Drone  
  14  0:31  Drone x2  
  16  0:48  Hatchery  
  15  0:52  Drone  
  15  0:55  Drone  
  17  1:00  Drone  
  18  1:09  Extractor  
  17  1:13  Spawning Pool  
  17  1:17  Drone  
  17  1:19  Drone  
  18  1:29  Drone  
  19  1:39  Drone  
  20  1:51  Overlord  
  20  1:59  Queen  
  20  2:00  Zergling x2  
  20  2:01  Queen  
  25  2:02  Zergling x2  
  26  2:10  Drone  
  26  2:12  Drone  
  28  2:22  Drone  
  29  2:28  Drone  
  30  2:31  Hatchery  
  30  2:35  Drone  
  30  2:39  Drone  
  31  2:45  Drone  
  31  2:46  Overlord  
  31  2:47  Metabolic Boost  
  32  2:55  Queen  
  32  2:57  Drone  
  35  3:00  Drone  
  36  3:06  Drone x2  
  36  3:10  Drone x2  
  36  3:12  Overlord  
  40  3:16  Drone  
  41  3:22  Overlord  
  41  3:31  Queen  
  41  3:32  Zergling x4  
  45  3:40  Drone x3  
  48  3:41  Drone  
  48  3:46  Drone x2  
  48  3:47  Spore Crawler  
  50  3:48  Drone  
  50  3:54  Queen  
  53  3:57  Spore Crawler  
  53  3:58  Spore Crawler  
  53  3:59  Zergling x2  
  53  4:00  Zergling x4  
  54  4:05  Zergling x2  
  54  4:06  Zergling x6  
  58  4:10  Zergling x2  
  58  4:13  Queen  
  58  4:16  Zergling x4  
  62  4:20  Lair  
  62  4:25  Zergling x6  
  65  4:35  Drone x2  
  64  4:41  Roach Warren  
  63  4:46  Drone x2  
  63  4:51  Overlord  
  64  4:53  Drone  
  64  4:54  Overlord  
  64  4:55  Overlord  
  64  4:56  Drone  
  64  4:58  Extractor  
  64  4:59  Overlord  
  65  5:00  Extractor, Drone x2  
  65  5:02  Evolution Chamber  
  65  5:06  Drone  
  66  5:10  Drone x5  
  66  5:12  Drone x2  
  73  5:15  Drone x2  
  73  5:20  Overseer  
  74  5:22  Drone x3  
  74  5:27  Drone x3  
  74  5:28  Drone x3  
  83  5:29  Glial Reconstitution  
  83  5:34  Zergling x4  
  83  5:35  Zergling x2  
  83  5:37  Drone x2  
  83  5:40  Extractor  
  83  5:41  Extractor x2  
  82  5:45  Spire  
  82  5:46  Drone x2  
  82  5:48  Drone  
  83  5:58  Zerg Missile Weapons Level 1  
  83  5:59  Drone  
  83  6:03  Roach x2  
  88  6:08  Overlord  
  88  6:10  Overlord  
  88  6:11  Overlord  
  88  6:13  Overlord  
  88  6:15  Overlord  
  87  6:20  Overlord  
  87  6:22  Drone x2, Overlord  
  87  6:24  Overseer  
  87  6:25  Overlord  
  89  6:28  Drone x3  
  89  6:29  Roach x4  
  100  6:32  Overseer  
  100  6:37  Roach x5  
  110  6:50  Hatchery, Overlord  
  109  6:56  Mutalisk  
  109  6:57  Mutalisk x3  
  117  7:03  Overlord  
  117  7:10  Roach x2, Drone  
  117  7:11  Roach x2, Baneling Nest  
  117  7:12  Mutalisk  
  128  7:15  Ravager  
  128  7:19  Roach x3  
  133  7:24  Ravager  
  133  7:25  Roach x3  
  133  7:28  Zergling x6  
  143  7:32  Roach x2  
  143  7:33  Ravager  
  143  7:36  Roach x2  
  152  7:40  Roach x2  
  152  7:43  Roach  
  158  7:47  Roach x4  
  166  7:55  Hatchery  
  165  8:01  Centrifical Hooks  
  163  8:06  Zergling x14  
  163  8:12  Overlord  
  170  8:13  Overlord x2  
  170  8:18  Overlord  
  170  8:21  Overlord  
  170  8:25  Overlord  
  170  8:36  Zergling x16, Roach x2  
  182  8:41  Zerg Melee Weapons Level 1  
  182  8:42  Roach  
  184  8:50  Ravager x2  
  184  8:52  Zergling x12  
  191  8:55  Zergling x6  
  191  9:02  Baneling x7  
  193  9:03  Baneling x20  
  193  9:05  Zergling x12  
  199  9:10  Zergling x2  
  199  9:13  Baneling x7  
  200  9:20  Baneling x4  
  200  9:25  Overlord  
  200  9:35  Zergling x2  
  200  9:37  Zergling x2  
  190  9:40  Zergling x16  
  190  9:42  Overseer  
  190  9:45  Roach x6  
  186  9:47  Roach  
  186  9:49  Roach x5  
  186  9:51  Roach x2  
  185  9:55  Zergling x4  
  185  9:58  Zergling x2  
  185  9:59  Overseer  
  180  10:04  Zergling x12  
  186  10:09  Overseer  
  186  10:10  Pneumatized Carapace  
  186  10:11  Zergling x2  
  187  10:17  Baneling x10, Infestation Pit  
  187  10:18  Zergling x12  
  192  10:22  Zergling x6  
  192  10:25  Baneling x4  
  192  10:26  Zergling x2  
  196  10:29  Ravager  
  196  10:31  Zergling x6  
  196  10:34  Baneling x3  
  200  10:44  Baneling x6  
  199  10:52  Baneling x5  
  199  10:54  Zergling x4  
  198  11:02  Zergling x30  

Tags
 
Add a new tag
Caveats
  • Supply blocks, unpowered buildings, or Contaminate may cause inaccurate times.
  • Supply counts are checked every 10 seconds.